 Dungeon Crawl Stone Soup version 0.24.0-123-gd5b16e6ec5 (webtiles) character file.

Game seed: 16795549395663568230, levelgen mode: deterministic

1565 FishyPogo the Covert (level 8, -3/66 HPs)
             Began as a Naga Wizard on Jan 28, 2020.
             Was a Believer of Cheibriados.
             Slain by a howler monkey (4 damage)
             ... on level 6 of the Dungeon.
             The game lasted 00:23:12 (4393 turns).

FishyPogo the Covert (Naga Wizard)                  Turns: 4393, Time: 00:23:13

Health: -3/66      AC:  5    Str: 19    XL:     8   Next: 89%
Magic:  16/16      EV: 13    Int: 26    God:    Cheibriados [**....]
Gold:   358        SH:  0    Dex: 18    Spells: 4/18 levels left

rFire    . . .     SeeInvis +   a - +2 whip (freeze)
rCold    . . .     Gourm    .   (no shield)
rNeg     . . .     Faith    .   i - +0 robe
rPois    +         Spirit   .   b - +0 hat
rElec    .         Reflect  .   c - +1 cloak {+Inv}
rCorr    .         Harm     .   (no gloves)
MR       +....                  (no barding)
Stlth    ++++......             (no amulet)
HPRegen  0.21/turn              h - +3 ring of strength
MPRegen  0.15/turn              x - +2 ring of dexterity

@: very slow
A: large, see invisible, deformed body, poison resistance, slowness 2, slow
metabolism 1, spit poison 1, AC +2
a: Spit Poison, Bend Time, Renounce Religion, Evoke Invisibility


You were on level 6 of the Dungeon.
You worshipped Cheibriados.
Cheibriados was pleased with you.
You were hungry.

You visited 1 branch of the dungeon, and saw 6 of its levels.

You collected 358 gold pieces.

Inventory:

Hand Weapons
 a - a +2 whip of freezing (weapon)
 f - a +2 flail of draining
 B - a cursed -2 whip
Missiles
 m - 61 stones (quivered)
 u - 4 boomerangs
 z - 8 curare-tipped darts
Armour
 b - a +0 hat (worn)
 c - a +1 cloak of invisibility (worn)
 i - a +0 robe (worn)
 C - a +0 buckler
Magical Staves
 e - an uncursed staff of poison
 n - an uncursed staff of wizardry
Jewellery
 h - a +3 ring of strength (left hand)
 x - a +2 ring of dexterity (right hand)
Wands
 r - a wand of flame (27)
Scrolls
 k - 5 scrolls of identify
 l - a scroll of enchant weapon
 s - a scroll of remove curse
 t - a scroll of noise
Potions
 g - 2 potions of ambrosia
 j - 2 potions of might
 o - 4 potions of curing {unknown}
 p - 2 potions of flight
 q - a potion of brilliance
 v - 2 potions of lignification {unknown}
Comestibles
 d - 9 rations
 A - 8 chunks of flesh


   Skills:
 + Level 1.7 Fighting
 + Level 0.5 Armour
 + Level 4.7 Dodging
 + Level 8.9 Stealth
 * Level 1.1 Shields
 + Level 5.8 Spellcasting
 + Level 4.4 Conjurations
 - Level 1.0 Summonings
 - Level 1.0 Translocations


You had 4 spell levels left.
You knew the following spells:

 Your Spells              Type           Power        Failure   Level  Hunger
a - Magic Dart            Conj           ####         1%          1    None
c - Mephitic Cloud        Conj/Pois/Air  ###.....     12%         3    None
j - Conjure Flame         Conj/Fire      ###.....     9%          3    None
n - Call Imp              Summ           ##......     7%          2    None
o - Confuse               Hex            #.......     22%         3    None
x - Blink                 Tloc           N/A          7%          2    None

Your spell library contained the following spells:

 Spells                   Type           Power        Failure   Level  Hunger
 Confusing Touch          Hex            #.....       7%          1    None
 Slow                     Hex            #.......     11%         2    None
 Gell's Gravitas          Tloc           ##........   14%         3    None
 Petrify                  Tmut/Erth      #.......     56%         4    ###....
 Metabolic Englaciation   Hex/Ice        #.........   89%         5    #####..
 Yara's Violent Unravell  Hex/Tmut       #.........   89%         5    #####..


Dungeon Overview and Level Annotations

Branches:
Dungeon (6/15)             Temple (0/1) D:6

Altars:
Ashenzari
Cheibriados
Gozag
Kikubaaqudgha
Nemelex Xobeh
Qazlal
Xom


Innate Abilities, Weirdness & Mutations

You cannot wear boots.
Your serpentine skin is tough. (AC +2)
You have supernaturally acute eyesight. (SInv)
Armour fits poorly on your strangely shaped body.
Your system is resistant to poisons. (rPois)
You cover ground very slowly.
You have a slow metabolism.
You can spit poison.


Message History

The howler monkey hits you but does no damage.
The iguana bites you but does no damage.
The howler monkey hits you but does no damage.
You hit the iguana but do no damage.
The iguana is moderately wounded.
The iguana barely misses you. The howler monkey closely misses you.
Unknown command.
You completely miss the iguana.
The iguana is moderately wounded.
The iguana bites you!
* * * LOW HITPOINT WARNING * * *
The howler monkey hoots and howls with incredible vigour!
Unknown command.
You hit the iguana. You freeze the iguana.
The iguana is severely wounded.
The howler monkey hits you but does no damage.
The iguana bites you.
* * * LOW HITPOINT WARNING * * *
The howler monkey hits you.
You die...

#......# .#......#
........########
#.#+#..........# #.
#..........# #
#..........# #..
#.....)....#
##..#......)...##
...%'..@...).......
....#.l.h......###.
. .>#.........)#
#..........#
............#
..............#
...#...........#
.....#.........#
.>.....#.#######


You could see a howler monkey and an iguana.

Vanquished Creatures
  Pikel (D:5)
  A sky beast (D:5)
  An orc warrior (D:6)
  4 slaves (D:5)
  An ogre (D:6)
  Blork the orc (D:5)
  2 bullfrogs (D:6)
  2 howler monkeys
  3 crimson imps (D:5)
  Crazy Yiuf (D:2)
  An orc priest (D:6)
  A bullfrog skeleton (D:4)
  Jessica (D:2)
  5 orc wizards
  5 worker ants
  Natasha (thrice) (D:2)
  3 adders
  A shadow imp (D:5)
  An ooze (D:1)
  2 dart slugs (D:2)
  A worm (D:3)
  4 leopard geckos
  20 orcs
  A ball python (D:5)
  4 giant cockroaches
  6 goblins
  9 hobgoblins
  4 kobolds
  5 bats
  5 frilled lizards
  7 rats
  A fungus (D:2)
107 creatures vanquished.

Vanquished Creatures (collateral kills)
  An orc wizard (D:2)
  An orc (D:2)
2 creatures vanquished.

Grand Total: 109 creatures vanquished

Notes
Turn   | Place    | Note
-------+----------+-------------------------------------------
     0 | D:1      | FishyPogo the Naga Wizard began the quest for the Orb.
     0 | D:1      | Reached XP level 1. HP: 15/15 MP: 4/4
   141 | D:1      | Reached XP level 2. HP: 22/22 MP: 3/6
   512 | D:1      | Found a shimmering altar of Xom.
   696 | D:1      | Reached XP level 3. HP: 28/28 MP: 5/7
   915 | D:2      | Reached skill level 4 in Stealth
  1043 | D:2      | Learned a level 3 spell: Conjure Flame
  1047 | D:2      | Learned a level 3 spell: Mephitic Cloud
  1050 | D:2      | Learned a level 2 spell: Call Imp
  1209 | D:2      | Noticed Natasha
  1219 | D:2      | Killed Natasha
  1219 | D:2      | Reached XP level 4. HP: 15/36 MP: 4/9
  1318 | D:2      | Noticed Jessica
  1336 | D:2      | Killed Jessica
  1336 | D:2      | Reached skill level 5 in Stealth
  1336 | D:2      | Reached XP level 5. HP: 37/42 MP: 6/10
  1346 | D:2      | Noticed Natasha
  1354 | D:2      | Killed Natasha
  1365 | D:2      | Noticed Natasha
  1373 | D:2      | Killed Natasha
  1797 | D:2      | Found a runed translucent door.
  1798 | D:2      | Noticed Crazy Yiuf
  1810 | D:2      | Killed Crazy Yiuf
  1810 | D:2      | Reached XP level 6. HP: 35/49 MP: 7/12
  2017 | D:3      | Reached skill level 6 in Stealth
  2172 | D:3      | Found an ancient bone altar of Kikubaaqudgha.
  2272 | D:3      | Found a sparkling altar of Nemelex Xobeh.
  2274 | D:3      | Found an opulent altar of Gozag.
  2776 | D:3      | Found a faded altar of an unknown god.
  2780 | D:3      | Became a worshipper of Cheibriados the Contemplative
  2780 | D:3      | Reached * piety under Cheibriados
  2787 | D:3      | Learned a level 2 spell: Blink
  2902 | D:4      | Learned a level 3 spell: Confuse
  2982 | D:4      | Reached XP level 7. HP: 49/55 MP: 3/13
  3319 | D:4      | Found a stormy altar of Qazlal.
  3404 | D:5      | Entered Level 5 of the Dungeon
  3573 | D:5      | Noticed Blork the orc
  3583 | D:5      | Killed Blork the orc
  3583 | D:5      | Reached skill level 7 in Stealth
  3650 | D:5      | Noticed Pikel
  3680 | D:5      | Killed Pikel
  3680 | D:5      | Reached skill level 5 in Spellcasting
  3680 | D:5      | Reached XP level 8. HP: 20/62 MP: 2/15
  3856 | D:5      | Reached skill level 8 in Stealth
  3874 | D:5      | Reached ** piety under Cheibriados
  3995 | D:5      | Found a shattered altar of Ashenzari.
  4283 | D:6      | Reached skill level 1 in Fighting
  4369 | D:6      | Reached skill level 1 in Shields
  4381 | D:6      | Found a staircase to the Ecumenical Temple.
  4393 | D:6      | HP: 1/66 [iguana (3)]
  4393 | D:6      | Slain by a howler monkey

Levels and vault maps discovered:
D:1:      minmay_arrival_up_and_down, layout_basic, xom_teletrap_fun
D:2:      layout_rooms, uniq_natasha, uniq_jessica, uniq_crazy_yiuf_cottage
D:3:      layout_basic, grunt_temple_overflow_opulence, kiku_gazebo_pond_becter,
          chequers_ecumenical_altar_simple, first_ration, roderic_lattice_a
D:4:      layout_loops_cross, nicolae_qazlal_eye_of_the_storm,
          hangedman_abyss_or_decor_stagger
D:5:      wad_crossroads, layout_basic, kennysheep_little_box, uniq_pikel,
          uniq_blork_the_orc
D:6:      layout_basic, lemuel_coloured_pillars_altar,
          minmay_temple_entry_sparse_star

Skill      XL: |  1  2  3  4  5  6  7  8 |
---------------+-------------------------+-----
Dodging        | 2 3 4 |  4.7
Stealth        | 4 5 6 7 8 |  8.9
Spellcasting   | 4 5 |  5.8
Conjurations   | 2 3 4 |  4.4
Fighting       | 1 |  1.7
Shields        | 1 |  1.1
Armour         | |  0.5
Summonings     | |  1.0
Translocations | |  1.0

Action                   |  1- 3 |  4- 6 |  7- 9 || total
-------------------------+-------+-------+-------++-------
Melee: Unarmed           |    18 |       |       ||    18
       Dagger            |     4 |       |       ||     4
       Short sword       |    34 |    87 |       ||   121
       Staff             |       |     5 |     1 ||     6
       Flail             |       |       |    25 ||    25
       Whip              |       |       |    79 ||    79
 Cast: Magic Dart        |    48 |   101 |    53 ||   202
       Mephitic Cloud    |       |     4 |    12 ||    16
       Call Imp          |       |     2 |       ||     2
 Abil: Spit Poison       |    16 |    34 |    18 ||    68
  Use: Scroll            |       |       |    10 ||    10
       Potion            |       |       |     1 ||     1
 Stab: Sleeping          |     1 |     2 |     3 ||     6
       Confused          |       |     1 |     7 ||     8
  Eat: Chunk             |     1 |     7 |     4 ||    12
Armor: Robe              |     9 |     9 |    31 ||    49
Dodge: Dodged            |    36 |    50 |    58 ||   144
